Map: Dusk Towers

Players

Aaron

  • Race: Zerg Zerg
  • League: Diamond

LilDicky - Winner!

  • Race: Terran Terran
  • League: Diamond

VOD

http://www.twitch.tv/tumescentpie

Description

Time

  • Played on: Dec. 26, 2015, 7:57 p.m.
  • Length: 9:11
Show
View Real Time Build Order
Export as new Build Order

Aaron Zerg 

Build Orders: Hatch First, Muta Ling Bane 

Get SALT Encoding   

  12  0:01  Drone  
  13  0:11  Drone  
  14  0:21  Drone, Extractor  
  14  0:22  Drone, Extractor  
  14  0:27  Overlord  
  16  0:52  Hatchery  
  15  1:02  Extractor  
  14  1:06  Spawning Pool  
  14  1:10  Drone  
  14  1:14  Drone  
  14  1:18  Drone  
  16  1:22  Drone  
  17  1:32  Drone  
  18  1:42  Drone  
  19  1:53  Overlord  
  19  1:55  Queen  
  21  2:04  Queen  
  23  2:09  Metabolic Boost  
  23  2:12  Zergling x2  
  24  2:15  Drone  
  24  2:19  Drone  
  26  2:31  Queen  
  26  2:32  Drone  
  29  2:41  Queen  
  31  2:44  Drone  
  31  2:47  Drone  
  31  2:49  Drone  
  34  2:54  Drone  
  34  2:56  Drone  
  36  3:00  Overlord  
  36  3:06  Overlord  
  36  3:26  Drone x2  
  36  3:27  Drone  
  39  3:30  Drone  
  39  3:31  Drone  
  39  3:33  Hatchery  
  41  3:34  Drone  
  41  3:36  Drone  
  41  3:38  Drone  
  43  3:47  Lair  
  43  3:51  Extractor  
  43  3:52  Drone, Extractor  
  43  3:53  Drone  
  43  3:54  Drone  
  44  3:56  Drone  
  44  3:58  Drone  
  44  3:59  Drone  
  47  4:06  Overlord  
  47  4:08  Overlord  
  47  4:12  Drone x2  
  47  4:15  Drone x2  
  51  4:19  Extractor  
  49  4:29  Drone x3  
  52  4:38  Drone  
  52  4:39  Baneling Nest  
  52  4:43  Drone  
  52  4:44  Drone x3  
  56  4:48  Drone  
  56  4:49  Drone  
  56  4:52  Queen  
  61  5:00  Zergling x6  
  63  5:08  Evolution Chamber x2, Drone  
  63  5:09  Drone, Zergling x2  
  63  5:10  Zergling x8  
  68  5:16  Drone  
  68  5:17  Spire  
  68  5:19  Drone x2  
  70  5:25  Queen  
  70  5:27  Drone x2  
  74  5:29  Overlord  
  74  5:39  Zerg Melee Weapons Level 1  
  74  5:43  Centrifical Hooks  
  74  5:47  Zerg Ground Armor Level 1  
  74  5:50  Zergling x2  
  74  5:51  Zergling x14  
  58  6:20  Zergling x2  
  58  6:21  Zergling x24  
  58  6:24  Queen x2  
  65  6:59  Hatchery  
  65  7:00  Queen  
  58  7:13  Zergling x2  
  58  7:14  Zergling x18  
  66  7:16  Baneling x6  
  66  7:17  Baneling x4  
  66  7:29  Hatchery  
  57  7:54  Zergling x2  
  57  7:55  Zergling x16  
  64  8:07  Zergling x2  
  64  8:08  Zergling x2  
  62  8:38  Mutalisk, Baneling x7  
  62  8:39  Mutalisk x4, Baneling x3  
  72  8:41  Hatchery  
  72  8:42  Overlord  
  72  8:43  Overlord x3  
Show
View Real Time Build Order
Export as new Build Order

LilDicky Terran - Winner!

Build Orders: Command Center First (CC), MMM Bio 

Get SALT Encoding   

  12  0:02  SCV  
  13  0:14  SCV  
  14  0:18  Supply Depot  
  14  0:28  SCV  
  15  0:40  SCV  
  16  0:52  SCV  
  17  1:01  Command Center  
  17  1:09  SCV  
  18  1:21  SCV  
  19  1:30  Barracks  
  19  1:33  SCV  
  20  1:45  SCV  
  21  1:52  Refinery  
  21  1:54  Refinery  
  21  2:03  SCV  
  21  2:05  Command Center  
  22  2:17  Orbital Command  
  22  2:20  Marine  
  23  2:29  Orbital Command  
  23  2:41  Marine  
  24  2:45  SCV  
  24  2:49  Supply Depot  
  25  2:57  SCV  
  25  2:58  SCV  
  27  2:59  Marine  
  28  3:09  SCV  
  28  3:10  SCV  
  30  3:17  SCV  
  30  3:18  Factory  
  32  3:20  Barracks Tech Lab  
  32  3:24  Barracks  
  31  3:27  Barracks  
  31  3:30  SCV x2  
  33  3:38  Orbital Command  
  33  3:40  Marine  
  34  3:42  SCV, Stimpack  
  34  3:44  SCV  
  36  3:54  SCV  
  37  3:57  SCV  
  37  3:58  Marine  
  37  4:01  Supply Depot  
  39  4:03  Factory Reactor  
  39  4:05  SCV, Starport  
  39  4:06  SCV  
  39  4:09  SCV  
  42  4:16  Barracks Reactor, Marine  
  44  4:17  Barracks Tech Lab  
  43  4:29  SCV  
  44  4:31  SCV  
  44  4:34  SCV, Marine  
  44  4:36  Barracks  
  44  4:37  Barracks  
  47  4:38  Marine  
  47  4:43  SCV  
  49  4:46  SCV, Orbital Command  
  49  4:51  Marine  
  51  4:55  Combat Shields  
  51  4:56  Marine x3  
  51  4:58  Medivac  
  56  5:08  Medivac  
  56  5:09  SCV, Marine  
  56  5:10  SCV  
  56  5:11  Factory Tech Lab, Refinery x2  
  61  5:14  SCV, Marine x3  
  61  5:21  SCV  
  66  5:22  SCV  
  66  5:26  Marine x2  
  69  5:35  Command Center  
  69  5:38  SCV x2, Marine x3  
  69  5:39  Marine  
  69  5:40  Medivac  
  69  5:42  Supply Depot  
  77  5:43  Supply Depot  
  77  5:55  Supply Depot x2  
  77  5:56  Supply Depot  
  77  5:57  Supply Depot, Marine  
  77  6:03  Marine x5  
  77  6:04  SCV  
  82  6:15  Marine  
  78  6:21  Marine x5  
  83  6:32  SCV x2  
  85  6:33  Marine, Medivac  
  85  6:34  Concussive Shells  
  85  6:35  Siege Tank  
  85  6:38  Engineering Bay  
  85  6:39  Engineering Bay, Marine x5  
  96  6:40  SCV  
  96  6:44  SCV  
  96  6:45  Barracks  
  92  6:51  Marine  
  92  6:57  Marine x5  
  96  7:09  Marine  
  96  7:15  Marauder, Marine x4  
  93  7:20  Medivac x2  
  93  7:21  Siege Tank  
  100  7:26  Marine  
  100  7:28  SCV x2  
  103  7:32  Marine x3  
  103  7:33  Marine  
  103  7:36  Marine x2  
  109  7:37  Barracks  
  109  7:42  Command Center  
  109  7:44  Marine  
  109  7:50  Marine x4  
  105  8:02  Marine x3  
  105  8:08  Marine  
  105  8:09  Marauder  
  103  8:20  Marine, Marauder  
  103  8:21  Marine x3  
  103  8:25  Siege Tank  
  103  8:26  Marine  
  113  8:29  Marine  
  113  8:32  Armory  
  112  8:36  SCV, Barracks  
  112  8:38  Barracks, Marine  
  112  8:39  Marine x3  
  116  8:42  Marauder  
  116  8:44  Marine  
  116  8:47  Marine  
  116  8:48  Marauder  
Tags
 
Add a new tag
Caveats
  • Supply blocks, unpowered buildings, or Contaminate may cause inaccurate times.
  • Supply counts are checked every 10 seconds.